AoeStats
← ITA | GiaggiaZena

Arena

509960746Analyzed
3v3 RM · 4d ago on Sep 28, 2026· 39m 34s· 6 players
Game mode
Random Map
Map size
Normal (6 player)
Population
200
Speed
Normal
Resources
Standard
Victory
Conquest
Starting age
Dark Age
Ending age
Imperial Age
RankedLock teamsTeams togetherTeam positionsShared explorationLock speedFull tech treeHidden civsTurbo modeCheats
Victory
Defeat
🇮🇹 Muisca · Italy
1429
+16
🇮🇹 Portuguese · Italy
1393
+18
🇮🇹 Varangians · Italy
1383
+18
🇩🇪 Bohemians · Germany
1442
-18
🇩🇪 Ethiopians · Germany
1439
-18
1408
-16
DerZerSchlachta
10:26 Feudal Age
14:08 Castle Age
13:35 Double-Bit Axe
13:31 Horse Collar
15:12 Bow Saw
16:38 Loom
29:17 Wheelbarrow
28:46 Heavy Plow
DerZerfetzer
10:57 Feudal Age
12:32 Double-Bit Axe
12:29 Horse Collar
15:13 Castle Age
16:22 Bow Saw
16:14 Heavy Plow
19:00 Loom
21:32 Gold Mining
21:57 Town Watch
23:01 Wheelbarrow
27:24 Imperial Age
25:45 Hand Cart
25:27 Stone Mining
26:28 Gold Shaft Mining
26:22 Town Patrol
26:18 Fletching
26:28 Padded Archer Armor
26:51 Ballistics
27:26 Masonry
27:12 Bodkin Arrow
28:16 Bracer
28:38 Leather Archer Armor
29:24 Chemistry
28:38 Crossbowman
29:23 Thumb Ring
29:31 Arbalester
31:34 Siege Engineers
33:31 Ring Archer Armor
DerButtermesserSchlitzer
11:17 Feudal Age
14:46 Castle Age
13:11 Double-Bit Axe
16:09 Light Cavalry
19:20 Loom
23:50 Wheelbarrow
27:29 Gold Mining
28:27 Bloodlines
29:14 Gold Shaft Mining
33:16 Imperial Age
31:50 Forging
31:45 Scale Barding Armor
31:46 Devotion
31:55 Husbandry
33:50 Iron Casting
33:08 Horse Collar
33:42 Bow Saw
33:05 Cavalier
34:50 Heavy Plow
35:14 Chain Barding Armor
ITA | tonypolik
10:41 Feudal Age
11:55 Double-Bit Axe
14:28 Castle Age
12:48 Horse Collar
13:42 Gold Mining
15:13 Loom
15:49 Bow Saw
17:22 Wheelbarrow
17:18 Sanctity
22:41 Scale Mail Armor
22:52 Forging
27:23 Hand Cart
31:58 Redemption
33:18 Chain Mail Armor
33:17 Fervor
34:39 Iron Casting
39:34 Imperial Age
37:15 Town Watch
38:37 Squires
ITA | Frades89
10:58 Feudal Age
12:17 Wheelbarrow
14:29 Castle Age
13:07 Double-Bit Axe
21:18 Horse Collar
21:36 Light Cavalry
22:36 Bloodlines
22:50 Forging
23:56 Scale Barding Armor
24:40 Heavy Plow
24:52 Bow Saw
26:45 Wheelbarrow
25:58 Town Watch
26:02 Loom
30:06 Imperial Age
27:45 Husbandry
28:10 Chain Barding Armor
28:28 Iron Casting
28:47 Hand Cart
28:33 Town Patrol
32:00 Plate Barding Armor
32:26 Blast Furnace
30:47 Cavalier
31:48 Stone Mining
33:13 Crop Rotation
33:46 Two-Man Saw
32:56 Vendel Legacy
34:09 Gold Mining
36:51 Conscription
37:38 Town Patrol
39:27 Treadmill Crane
ITA | GiaggiaZena
10:31 Feudal Age
14:13 Castle Age
12:28 Double-Bit Axe
13:23 Horse Collar
15:12 Bow Saw
18:25 Wheelbarrow
20:10 Gold Mining
22:24 Loom
27:09 Imperial Age
24:42 Stone Mining
25:11 Hand Cart
26:29 Ballistics
26:22 Fletching
26:09 Crossbowman
29:07 Chemistry
28:14 Bodkin Arrow
27:49 Arbalester
30:09 Thumb Ring
30:06 Padded Archer Armor
31:43 Stone Shaft Mining
38:15 Bracer
Connection lost

Rejoining the realm…

Still unreachable

The connection could not be restored.

Session expired

The server has moved on; the page needs a fresh start.